 Dungeon Crawl Stone Soup version 0.30.1-11-g7821555f0a (webtiles) character file.

Game seed: 3227180517937171603

217 ChrisAssaf the Shooter (level 5, -12/44 HPs)
             Began as a Draconian Hunter on Dec 22, 2023.
             Was an Initiate of Nemelex Xobeh.
             Mangled by an ogre
             ... wielding a +0 giant club
              (20 damage)
             ... on level 3 of the Dungeon.
             The game lasted 00:06:06 (1171 turns).

ChrisAssaf the Shooter (Draconian Hunter)           Turns: 1171, Time: 00:06:07

Health: -12/44     AC:  5    Str: 12 (13) XL:     5   Next: 62%
Magic:  6/6        EV: 12    Int: 11 (12) God:    Nemelex Xobeh [......]
Gold:   117        SH:  0    Dex: 13 (14) Spells: 4/6 levels left

rFire   . . .        a - +0 shortbow
rCold   + . .        (shield currently unavailable)
rNeg    . . .        (body armour unavailable)
rPois   .            (helmet restricted)
rElec   .            (no cloak)
rCorr   .            (no gloves)
SInv    .            (no boots)
Will    .....        (no amulet)
Stlth   ++           h - ring of protection from cold
HPRegen 0.27/turn    (no ring)
MPRegen 0.10/turn

%: no passive effects
@: no status effects
A: AC +5, unfitting armour, cold-blooded
a: Renounce Religion, Draw Escape, Draw Destruction, Draw Summoning


You were on level 3 of the Dungeon.
You worshipped Nemelex Xobeh.
Nemelex Xobeh was noncommittal.
You visited 1 branch of the dungeon, and saw 4 of its levels.

You collected 117 gold pieces.

Inventory:

Hand Weapons
 a - a +0 shortbow (weapon)
 c - a +3 dagger of speed
Jewellery
 h - a ring of protection from cold (left hand)
Wands
 g - a wand of polymorph (4)
Scrolls
 b - a scroll of immolation
Potions
 d - a potion of flight


   Skills:
 * Level 2.8 Fighting
 * Level 1.1 Short Blades
 * Level 5.2 Ranged Weapons
 * Level 2.3 Dodging
 * Level 1.8 Stealth
 * Level 1.2 Spellcasting


You had 4 spell levels left.
You knew the following spells:

 Your Spells              Type           Power      Damage    Failure   Level
a - Scorch                Fire           0%         2d5       43%         2

Your spell library contained the following spells:

 Spells                   Type           Power      Damage    Failure   Level
 Flame Wave               Conj/Fire      0%         2d4       97%         4
 Summon Cactus Giant      Summ           0%         N/A       100%        6


Dungeon Overview and Level Annotations

Branches:
Dungeon (4/15)
 Temple: D:4-7

Altars:
Nemelex Xobeh


Innate Abilities, Weirdness & Mutations

Your plain brown scales are hard. (AC +5)
You cannot fit into any form of body armour.
You are cold-blooded and may be slowed by cold attacks.


Message History

Flames lash the goblin.
You kill the goblin!
The goblin barely misses you.
You shoot an arrow. The arrow hits the goblin!
You kill the goblin!
You shoot an arrow. The arrow hits the goblin.
You kill the goblin!
The goblin hits you but does no damage. The goblin attacks as you move away!
The goblin hits you with a +0 dagger.
You shoot an arrow. The arrow hits the goblin!
You kill the goblin!
Aiming: Polymorph
Press: ? - help, Shift-Dir - straight line, f - ogre
Aim: an ogre, wielding a +0 giant club (will become a tengu, a naga, or a howler monkey, chance to affect: 49%)
The ogre resists with some effort.
The ogre hits you with a +0 giant club!!
Ouch! That really hurt!
* * * LOW HITPOINT WARNING * * *
It was a potion of magic.
Magic courses through your body.
It was a potion of degeneration.
There was something very wrong with that liquid.
You feel weakened.
You feel dopey.
You feel clumsy. The ogre closely misses you.
The ogre attacks as you move away! The ogre barely misses you.
Fire: a) +0 shortbow
Press: ? - help, Q - select action, (/) - cycle Shift-Dir - straight line, f/p - ogre
Aim: an ogre, wielding a +0 giant club (75% to hit)
You shoot an arrow.
The arrow hits the ogre but does no damage.
The ogre attacks as you move away! The ogre misses you.
The ogre hits you with a +0 giant club!
* * * LOW HITPOINT WARNING * * *
Aiming: Polymorph
Press: ? - help, Shift-Dir - straight line, f/p - ogre
Aim: an ogre, wielding a +0 giant club (will become a tengu, a naga, or a howler monkey, chance to affect: 49%)
The ogre resists with some effort.
The ogre attacks as you move away!
The ogre hits you with a +0 giant club!!
You die...
Your body disappears without a glow.

#.###..##.# #.######## #.#
#†.##.# #.#.......
#.###..##.######## #.#.######
#.##............##..###.#.#.....
#.##..#.#.#####.##.........†.#.#
#.#.....#.# #.###.###.#.######
#.#.#####.# #.###.###.#.......
#.........#####O#.......########
####.###........@..........#
..>....+.............#...#.#
.####.##^....(......###..#.###..
####.##...........#####........
#....####........###.#'#..##...
#.#..#########..###._.###.>..
#..........# ##..###.#'#..###..
#....#####.#####..#####..##
#....#.......#.....###....#


You could see an ogre.

Vanquished Creatures
  Sigmund (D:2)
  An adder (D:3)
  A worm (D:3)
  A dart slug (D:2)
  4 orcs (D:3)
  A bat (D:3)
  3 endoplasms
  A giant cockroach (D:1)
  11 goblins
  5 hobgoblins
  2 quokkas (D:3)
  4 ball pythons
  2 frilled lizards (D:1)
  7 kobolds
  3 rats
47 creatures vanquished.

Notes
Turn   | Place    | Note
-------+----------+-------------------------------------------
     0 | D:1      | ChrisAssaf the Draconian Hunter began the quest for the
                  | Orb.
     0 | D:1      | Reached XP level 1. HP: 17/17 MP: 1/1
    14 | D:1      | Reached skill level 1 in Stealth
    73 | D:1      | Reached XP level 2. HP: 24/24 MP: 2/2
   163 | D:1      | You fall into a shaft and drop 1 floor!
   171 | D:2      | Reached skill level 4 in Ranged Weapons
   210 | D:2      | Noticed Sigmund
   226 | D:2      | Killed Sigmund
   227 | D:2      | Reached skill level 1 in Short Blades
   227 | D:2      | Reached skill level 5 in Ranged Weapons
   227 | D:2      | Reached skill level 1 in Spellcasting
   227 | D:2      | Reached XP level 3. HP: 14/30 MP: 2/4
   227 | D:2      | Reached XP level 4. HP: 18/37 MP: 2/5
   227 | D:2      | Reached XP level 5. HP: 20/42 MP: 2/6
   699 | D:3      | Found a sparkling altar of Nemelex Xobeh.
   703 | D:3      | Became a worshipper of Nemelex Xobeh the Trickster
   755 | D:3      | Identified a scroll of acquirement
   756 | D:3      | Acquired a book of Scorching
   761 | D:3      | Learned a level 2 spell: Scorch
  1132 | D:3      | Noticed an ogre
  1171 | D:3      | Mangled by an ogre

Illustrated notes

Levels and vault maps discovered:
D:1:      doesnt_arrival_eight_statues, layout_rooms
D:2:      layout_basic, basic_altar, serial_forest, infiniplex_forest_corner_2,
          infiniplex_forest_lined_2, infiniplex_forest_clump_cross,
          infiniplex_forest_straight_2, infiniplex_forest_clump_cross,
          infiniplex_forest_zigzag_1, uniq_crazy_yiuf_cottage, uniq_sigmund
D:3:      layout_basic, nemelex_diamond_rough_becter, minmay_ogre_servants
D:4:      layout_cave_pools, uniq_robin, uniq_menkaure

Skill      XL: |  1  2 |
---------------+-------+-----
Stealth        | 1 |  1.8
Ranged Weapons | 5 |  5.2
Short Blades   | 1 |  1.1
Dodging        | 2 |  2.3
Spellcasting   | 1 |  1.2
Fighting       | |  2.8

Action                     |  1- 3 |  4- 6 || total
---------------------------+-------+-------++-------
  Melee: Dagger            |     7 |    17 ||    24
         Tailslap          |     2 |     1 ||     3
         Punch             |     1 |       ||     1
   Fire: Shortbow          |    38 |    55 ||    93
   Cast: Scorch            |       |     2 ||     2
  Evoke: Wand              |       |     2 ||     2
    Use: Scroll            |     2 |     4 ||     6
         Potion            |       |     2 ||     2
 Armour: Skin              |     1 |    11 ||    12
  Dodge: Dodged            |     8 |    19 ||    27
